3132 views
Uploaded 2020-03-22 20:38:41
Game version 1.32.3
11:50 long 4on4 ladder game on (8)GoldRush
Saved by ChuckleMan
3132 views
Uploaded 2020-03-22 20:38:41
Game version 1.32.3
11:50 long 4on4 ladder game on (8)GoldRush


101 units @ 10.1k
/ 0.7k
62 buildings @ 9.4k
/ 4.1k


| Peasant | 16 | 1200 | / | 0 |
| Footman | 6 | 810 | / | 0 |
| Priest | 2 | 270 | / | 20 |
| Rifleman | 6 | 1230 | / | 180 |
| Mortar Team | 2 | 360 | / | 140 |
| total: | 32 | 3870g | / | 340w |
| Scout Tower | 1 | 30 | / | 20 |
| Arcane Tower | 1 | 70 | / | 50 |
| Altar of Kings | 1 | 180 | / | 50 |
| Farm | 7 | 560 | / | 140 |
| Barracks | 1 | 160 | / | 60 |
| Town Hall | 1 | 385 | / | 205 |
| Lumber Mill | 1 | 120 | / | 0 |
| Blacksmith | 1 | 140 | / | 60 |
| Arcane Sanctum | 1 | 150 | / | 140 |
| Workshop | 1 | 140 | / | 140 |
| Keep | 1 | 320 | / | 210 |
| total: | 15 | 1865g | / | 815w |
| 0:04 | Peasant |
| 0:04 | Peasant |
| 0:04 | Peasant |
| 0:08 | Peasant |
| 0:22 | Altar of Kings |
| 0:37 | Farm |
| 0:51 | Barracks |
| 1:00 | Farm |
| 1:06 | Farm |
| 1:11 | Farm |
| 1:14 | Peasant |
| 1:14 | Peasant |
| 1:14 | Peasant |
| 1:14 | Peasant |
| 1:33 | Peasant |
| 1:33 | Peasant |
| 1:44 | Scout Tower |
| 1:52 | Footman |
| 2:15 | Footman |
| 2:16 | Arcane Tower |
| 2:26 | Summon Water Elemental |
| 2:35 | Footman |
| 2:48 | Footman |
| 3:14 | Peasant |
| 3:14 | Peasant |
| 3:20 | Defend |
| 3:47 | Keep |
| 4:31 | Brilliance Aura |
| 4:33 | Town Hall |
| 6:13 | Peasant |
| 6:13 | Peasant |
| 6:16 | Lumber Mill |
| 6:53 | Arcane Sanctum |
| 6:56 | Blacksmith |
| 7:15 | Summon Water Elemental |
| 7:21 | Footman |
| 7:21 | Footman |
| 8:16 | Workshop |
| 8:17 | Priest |
| 8:17 | Priest |
| 8:25 | Storm Bolt |
| 9:05 | Priest Adept Training |
| 9:07 | Rifleman |
| 9:07 | Rifleman |
| 9:07 | Rifleman |
| 9:23 | Mortar Team |
| 9:27 | Farm |
| 9:28 | Improved Lumber Harvesting |
| 9:30 | Peasant |
| 9:30 | Peasant |
| 9:57 | Farm |
| 10:18 | Bash |
| 10:25 | Farm |
| 10:27 | Mortar Team |
| 10:29 | Rifleman |
| 10:29 | Long Rifles |
| 11:01 | Brilliance Aura |
| 11:44 | Rifleman |
| 11:44 | Rifleman |
| Right click | 236 |
| Select group | 164 |
| Select | 159 |
| Build/train/purchase | 70 |
| Assign group | 28 |
| Misc. action | 10 |
| Use ability | 4 |
| Chat | 4 |

| Healing Salve | 2 | 200 |
| Lesser Clarity Potion | 2 | 140 |
| Scroll of Speed | 2 | 100 |
| Potion of Healing | 1 | 150 |
| Potion of Mana | 1 | 200 |
| total: | 8 | 790g |
| Peon | 8 | 600 | / | 0 |
| Troll Headhunter | 6 | 840 | / | 120 |
| Spirit Walker | 1 | 195 | / | 35 |
| total: | 15 | 1635g | / | 155w |
| Altar of Storms | 1 | 180 | / | 50 |
| Orc Burrow | 5 | 800 | / | 200 |
| War Mill | 2 | 410 | / | 0 |
| Barracks | 1 | 180 | / | 50 |
| Voodoo Lounge | 5 | 650 | / | 150 |
| Tauren Totem | 2 | 270 | / | 310 |
| Beastiary | 1 | 145 | / | 140 |
| Spirit Lodge | 2 | 300 | / | 300 |
| Stronghold | 1 | 315 | / | 190 |
| Fortress | 1 | 325 | / | 190 |
| total: | 19 | 2935g | / | 1200w |
| 0:01 | Peon |
| 0:02 | Peon |
| 0:02 | Peon |
| 0:07 | Altar of Storms |
| 0:17 | Orc Burrow |
| 0:23 | Peon |
| 0:38 | Peon |
| 0:50 | War Mill |
| 1:07 | Peon |
| 1:12 | Barracks |
| 1:38 | Orc Burrow |
| 1:42 | Peon |
| 1:48 | Peon |
| 2:00 | Voodoo Lounge |
| 2:05 | Wind Walk |
| 2:14 | Troll Headhunter |
| 2:35 | Troll Headhunter |
| 3:14 | Stronghold |
| 3:29 | Troll Headhunter |
| 4:11 | Voodoo Lounge |
| 4:20 | Troll Headhunter |
| 4:21 | Steel Ranged Weapons |
| 4:27 | Healing Salve |
| 4:28 | Lesser Clarity Potion |
| 4:28 | Scroll of Speed |
| 6:05 | Voodoo Lounge |
| 6:36 | Voodoo Lounge |
| 6:52 | Critical Strike |
| 8:22 | Tauren Totem |
| 8:25 | Fortress |
| 8:26 | Troll Headhunter |
| 8:26 | Troll Headhunter |
| 8:29 | Orc Burrow |
| 8:30 | Orc Burrow |
| 8:33 | Beastiary |
| 8:49 | Healing Salve |
| 8:49 | Lesser Clarity Potion |
| 8:50 | Potion of Healing |
| 8:50 | Potion of Mana |
| 8:53 | Scroll of Speed |
| 9:25 | Spirit Lodge |
| 9:26 | Spirit Lodge |
| 9:29 | Tauren Totem |
| 9:32 | Orc Burrow |
| 9:39 | War Mill |
| 9:40 | Spirit Walker |
| 10:04 | Voodoo Lounge |
| 10:44 | Reinforced Defenses |
| 10:47 | Critical Strike |
| Right click | 255 |
| Select | 129 |
| Select group | 57 |
| Build/train/purchase | 50 |
| Chat | 32 |
| Assign group | 8 |
| Use ability | 8 |

| Wisp | 33 | 1980 | / | 0 |
| total: | 33 | 1980g | / | 0w |
| Ancient Protector | 11 | 1485 | / | 880 |
| Hunter's Hall | 1 | 210 | / | 100 |
| Moon Well | 2 | 360 | / | 80 |
| Altar of Elders | 1 | 180 | / | 50 |
| Tree of Life | 1 | 340 | / | 185 |
| Ancient of Wonders | 1 | 90 | / | 30 |
| Ancient of Wind | 1 | 150 | / | 140 |
| Tree of Ages | 1 | 320 | / | 180 |
| Tree of Eternity | 1 | 330 | / | 200 |
| total: | 18 | 2815g | / | 1465w |
| 0:05 | Wisp |
| 0:05 | Wisp |
| 0:09 | Hunter's Hall |
| 0:10 | Wisp |
| 0:14 | Moon Well |
| 0:29 | Wisp |
| 0:33 | Wisp |
| 0:42 | Wisp |
| 0:50 | Wisp |
| 0:51 | Wisp |
| 1:05 | Wisp |
| 1:13 | Wisp |
| 1:14 | Wisp |
| 1:41 | Ancient Protector |
| 1:52 | Wisp |
| 2:03 | Altar of Elders |
| 2:28 | Ancient Protector |
| 2:34 | Wisp |
| 2:48 | Ancient Protector |
| 2:52 | Wisp |
| 2:59 | Moon Well |
| 3:15 | Ancient Protector |
| 3:36 | Wisp |
| 3:36 | Wisp |
| 3:37 | Wisp |
| 3:37 | Wisp |
| 3:46 | Ancient Protector |
| 4:04 | Ancient Protector |
| 4:07 | Force of Nature |
| 4:42 | Tree of Ages |
| 5:31 | Ancient Protector |
| 5:32 | Ancient Protector |
| 5:32 | Ancient Protector |
| 6:08 | Tree of Life |
| 6:38 | Ancient Protector |
| 6:49 | Ultravision |
| 7:13 | Wisp |
| 7:13 | Wisp |
| 7:13 | Wisp |
| 7:13 | Wisp |
| 7:13 | Wisp |
| 7:55 | Ancient of Wind |
| 7:58 | Ancient of Wonders |
| 8:01 | Ancient Protector |
| 8:13 | Wisp |
| 8:13 | Wisp |
| 8:13 | Wisp |
| 8:13 | Wisp |
| 8:13 | Wisp |
| 8:24 | Wisp |
| 8:39 | Tree of Eternity |
| 9:05 | Entangling Roots |
| 9:41 | Nature's Blessing |
| 10:54 | Wisp |
| 10:54 | Wisp |
| 10:54 | Wisp |
| 10:54 | Wisp |
| 11:38 | Entangling Roots |
| Right click | 339 |
| Chat | 330 |
| Select | 146 |
| Select group | 110 |
| Use ability | 72 |
| Build/train/purchase | 54 |
| Assign group | 20 |
| Misc. action | 6 |

| Wisp | 11 | 660 | / | 0 |
| Huntress | 10 | 1950 | / | 200 |
| total: | 21 | 2610g | / | 200w |
| Altar of Elders | 1 | 180 | / | 50 |
| Moon Well | 5 | 900 | / | 200 |
| Hunter's Hall | 1 | 210 | / | 100 |
| Ancient of War | 2 | 300 | / | 120 |
| Ancient of Wind | 1 | 150 | / | 140 |
| Tree of Ages | 2 | 640 | / | 360 |
| Tree of Eternity | 3 | 990 | / | 600 |
| total: | 10 | 1740g | / | 610w |
| 0:05 | Wisp |
| 0:05 | Wisp |
| 0:11 | Altar of Elders |
| 0:20 | Moon Well |
| 0:25 | Wisp |
| 0:34 | Wisp |
| 0:34 | Wisp |
| 0:56 | Wisp |
| 1:15 | Wisp |
| 1:26 | Wisp |
| 1:37 | Hunter's Hall |
| 1:42 | Ancient of War |
| 1:45 | Wisp |
| 1:59 | Moon Well |
| 2:06 | Wisp |
| 2:11 | Trueshot Aura |
| 2:20 | Ancient of War |
| 2:29 | Moon Well |
| 2:46 | Wisp |
| 2:52 | Huntress |
| 3:11 | Moon Well |
| 3:26 | Huntress |
| 3:56 | Huntress |
| 4:15 | Huntress |
| 5:25 | Huntress |
| 6:20 | Huntress |
| 6:46 | Scout |
| 7:16 | Huntress |
| 7:47 | Huntress |
| 7:49 | Tree of Ages |
| 8:35 | Huntress |
| 8:40 | Moon Well |
| 8:50 | Huntress |
| 8:52 | Trueshot Aura |
| 10:11 | Tree of Eternity |
| 10:17 | Ancient of Wind |
| 10:30 | Vorpal Blades |
| Right click | 853 |
| Select group | 425 |
| Select | 185 |
| Build/train/purchase | 63 |
| Misc. action | 48 |
| Assign group | 40 |
| Esc | 2 |
| Use ability | 1 |
/ 0.5k
40 buildings @ 5.9k
/ 1.9k

| Peon | 6 | 450 | / | 0 |
| Grunt | 11 | 2200 | / | 0 |
| total: | 17 | 2650g | / | 0w |
| Orc Burrow | 3 | 480 | / | 120 |
| Altar of Storms | 1 | 180 | / | 50 |
| Barracks | 1 | 180 | / | 50 |
| Voodoo Lounge | 1 | 130 | / | 30 |
| War Mill | 1 | 205 | / | 0 |
| Spirit Lodge | 1 | 150 | / | 150 |
| Stronghold | 1 | 315 | / | 190 |
| Fortress | 1 | 325 | / | 190 |
| total: | 8 | 1325g | / | 400w |
| 0:05 | Peon |
| 0:05 | Peon |
| 0:10 | Orc Burrow |
| 0:13 | Altar of Storms |
| 0:37 | Peon |
| 0:38 | Peon |
| 1:12 | Barracks |
| 1:14 | Peon |
| 1:25 | Voodoo Lounge |
| 1:32 | Peon |
| 2:10 | Orc Burrow |
| 2:15 | Grunt |
| 2:33 | Grunt |
| 2:53 | Wind Walk |
| 3:12 | Stronghold |
| 3:21 | Grunt |
| 3:49 | Grunt |
| 4:34 | War Mill |
| 4:38 | Orc Burrow |
| 5:56 | Grunt |
| 5:56 | Grunt |
| 5:56 | Grunt |
| 6:29 | Spirit Lodge |
| 6:31 | Grunt |
| 6:31 | Grunt |
| 6:39 | Fortress |
| 7:50 | Grunt |
| 7:50 | Grunt |
| 7:52 | Shaman Adept Training |
| 7:53 | Witch Doctor Adept Training |
| Right click | 197 |
| Select | 90 |
| Build/train/purchase | 31 |
| Remove unit | 2 |
| Minimap ping | 1 |

| Wisp | 9 | 540 | / | 0 |
| Archer | 11 | 1430 | / | 110 |
| total: | 20 | 1970g | / | 110w |
| Ancient Protector | 4 | 540 | / | 320 |
| Altar of Elders | 1 | 180 | / | 50 |
| Moon Well | 4 | 720 | / | 160 |
| Ancient of War | 1 | 150 | / | 60 |
| Hunter's Hall | 1 | 210 | / | 100 |
| Tree of Ages | 1 | 320 | / | 180 |
| total: | 11 | 1800g | / | 690w |
| 0:05 | Wisp |
| 0:05 | Wisp |
| 0:15 | Altar of Elders |
| 0:20 | Moon Well |
| 0:24 | Wisp |
| 0:43 | Ancient of War |
| 0:45 | Wisp |
| 0:52 | Wisp |
| 1:08 | Wisp |
| 1:08 | Wisp |
| 1:27 | Wisp |
| 1:31 | Moon Well |
| 1:43 | Wisp |
| 1:46 | Archer |
| 2:18 | Moon Well |
| 2:30 | Archer |
| 2:32 | Archer |
| 2:36 | Mana Burn |
| 3:17 | Archer |
| 3:17 | Archer |
| 3:45 | Archer |
| 3:46 | Hunter's Hall |
| 4:40 | Tree of Ages |
| 5:20 | Archer |
| 5:23 | Moon Well |
| 6:28 | Archer |
| 6:28 | Archer |
| 6:57 | Archer |
| 6:58 | Archer |
| 7:44 | Ancient Protector |
| 7:48 | Ancient Protector |
| 7:52 | Ancient Protector |
| 7:58 | Ancient Protector |
| Right click | 305 |
| Select | 132 |
| Chat | 90 |
| Build/train/purchase | 26 |
| Use ability | 9 |
| Misc. action | 1 |

| Peasant | 9 | 675 | / | 0 |
| Footman | 6 | 810 | / | 0 |
| total: | 15 | 1485g | / | 0w |
| Scout Tower | 2 | 60 | / | 40 |
| Arcane Tower | 2 | 140 | / | 100 |
| Altar of Kings | 1 | 180 | / | 50 |
| Barracks | 1 | 160 | / | 60 |
| Farm | 4 | 320 | / | 80 |
| Arcane Vault | 1 | 130 | / | 30 |
| Lumber Mill | 1 | 120 | / | 0 |
| total: | 10 | 970g | / | 260w |
| 0:06 | Altar of Kings |
| 0:09 | Barracks |
| 0:11 | Peasant |
| 0:11 | Peasant |
| 0:31 | Farm |
| 0:37 | Peasant |
| 0:53 | Peasant |
| 1:03 | Farm |
| 1:14 | Footman |
| 1:21 | Peasant |
| 1:28 | Scout Tower |
| 1:41 | Peasant |
| 1:49 | Footman |
| 1:49 | Footman |
| 1:58 | Peasant |
| 2:09 | Farm |
| 2:20 | Holy Light |
| 2:23 | Footman |
| 2:26 | Arcane Tower |
| 2:33 | Peasant |
| 2:33 | Peasant |
| 3:25 | Footman |
| 3:29 | Farm |
| 3:56 | Footman |
| 4:13 | Arcane Vault |
| 4:21 | Scout Tower |
| 6:14 | Lumber Mill |
| Right click | 214 |
| Select | 109 |
| Build/train/purchase | 20 |
| Use ability | 5 |
| Resource trade | 5 |
| Misc. action | 2 |

| Acolyte | 3 | 225 | / | 0 |
| Ghoul | 4 | 480 | / | 0 |
| Crypt Fiend | 4 | 860 | / | 160 |
| Gargoyle | 2 | 350 | / | 60 |
| Troll Headhunter | 6 | 840 | / | 120 |
| Grunt | 3 | 600 | / | 0 |
| Shaman | 3 | 390 | / | 60 |
| total: | 25 | 3745g | / | 400w |
| Spirit Tower | 3 | 435 | / | 120 |
| Nerubian Tower | 2 | 200 | / | 40 |
| Altar of Darkness | 1 | 180 | / | 50 |
| Crypt | 2 | 400 | / | 100 |
| Ziggurat | 6 | 900 | / | 300 |
| Graveyard | 1 | 215 | / | 0 |
| Temple of the Damned | 1 | 155 | / | 140 |
| Halls of the Dead | 1 | 320 | / | 210 |
| total: | 11 | 1850g | / | 590w |
| 0:19 | Altar of Darkness |
| 0:24 | Crypt |
| 0:39 | Ziggurat |
| 0:46 | Acolyte |
| 0:57 | Acolyte |
| 1:19 | Acolyte |
| 1:31 | Ghoul |
| 1:40 | Ghoul |
| 2:12 | Graveyard |
| 2:24 | Crypt |
| 2:33 | Sleep |
| 2:37 | Ghoul |
| 3:18 | Ziggurat |
| 4:08 | Ziggurat |
| 4:10 | Spirit Tower |
| 4:14 | Crypt Fiend |
| 4:16 | Nerubian Tower |
| 5:36 | Crypt Fiend |
| 5:42 | Ziggurat |
| 6:01 | Ghoul |
| 6:03 | Halls of the Dead |
| 7:12 | Spirit Tower |
| 7:14 | Crypt Fiend |
| 7:19 | Ziggurat |
| 7:33 | Crypt Fiend |
| 8:40 | Troll Headhunter |
| 8:41 | Troll Headhunter |
| 8:41 | Troll Headhunter |
| 8:41 | Troll Headhunter |
| 8:43 | Grunt |
| 8:43 | Grunt |
| 8:43 | Grunt |
| 9:11 | Shaman |
| 9:11 | Shaman |
| 9:11 | Shaman |
| 9:20 | Spirit Tower |
| 9:31 | Nerubian Tower |
| 9:35 | Web |
| 9:36 | Gargoyle |
| 9:36 | Gargoyle |
| 9:43 | Temple of the Damned |
| 9:51 | Troll Headhunter |
| 9:51 | Troll Headhunter |
| 10:01 | Ziggurat |
| 11:05 | Divine Shield |
| 11:37 | Carrion Swarm |
| Right click | 134 |
| Select | 116 |
| Chat | 44 |
| Build/train/purchase | 37 |
| Use ability | 10 |
⇛